 Dungeon Crawl Stone Soup version 0.31.0-32-g396128a36d (webtiles) character file.

Game seed: 16175960016352553949

200834 Alphaeus the Brawler (level 18, -6/158 HPs)
             Began as an Octopode Shapeshifter on Mar 19, 2024.
             Was an Initiate of Gozag.
             Mangled by a redback (18 damage)
             ... on level 3 of the Spider Nest.
             The game lasted 00:57:05 (32889 turns).

Alphaeus the Brawler (Octopode Shapeshifter)       Turns: 32889, Time: 00:57:05

Health: -6/158     AC: 22    Str: 25    XL:     18   Next: 52%
Magic:  18/18      EV: 23    Int: 13    God:    Gozag
Gold:   5770       SH:  5    Dex: 18    Spells: 17/17 levels left

rFire   . .          .
                       - Unarmed
rCold   + . .        P - melded +1 buckler {rC+}
rNeg    . . .        U - melded +0 mask of the Dragon {Will+ Slay+3 SInv}
rPois   +            d - amulet of reflection
rElec   .            g - +4 ring of protection
rCorr   +            y - ring of resist corrosion
SInv    +            B - ring of see invisible
Will    +....        z - +5 ring of evasion
Stlth   ++++         C - ring of protection from cold
HPRegen 0.46/turn    E - +6 ring of dexterity
MPRegen 0.16/turn    N - +5 ring of evasion
                     f - ring of the Tortoise {AC+8}

%: reflection
@: snake-form, corroded, gold aura
A: constrict, boosted hp, almost no armour, amphibious, 8 rings, large,
(camouflage 1), (gelatinous body 1), (nimble swimmer 1), (tentacles)
}: 1/15 runes: decaying
a: Begin Untransformation, Renounce Religion, Potion Petition, Call Merchant,
Bribe Branch


You were on level 3 of the Spider Nest.
You worshipped Gozag.
Gozag was greatly pleased with you.
You were an enormous serpent.
You visited 6 branches of the dungeon, and saw 31 of its levels.
You also visited: Bailey and Ice Cave.

You collected 11330 gold pieces.
You spent 3981 gold pieces at shops.
You paid 1579 gold pieces to Gozag.

Inventory:

Missiles
 s - 6 throwing nets (quivered)
Armour
 P - a +1 buckler of cold resistance (melded)
 U - the +0 mask of the Dragon (melded) {Will+ Slay+3 SInv}
   (You bought it in a shop on level 11 of the Dungeon)

   Slay+3:    It affects your accuracy & damage with ranged weapons and melee
   (+3).
   Will+:     It increases your willpower.
   SInv:      It lets you see invisible.
Jewellery
 d - an amulet of reflection (around neck)
 f - the ring of the Tortoise (on tentacle) {AC+8}
   (You bought it in a shop on level 5 of the Lair of Beasts)

   [ring of protection]

   AC+8:      It affects your AC (+8).
 g - a +4 ring of protection (left tentacle)
 y - a ring of resist corrosion (right tentacle)
 z - a +5 ring of evasion (on tentacle)
 B - a ring of see invisible (on tentacle)
 C - a ring of protection from cold (on tentacle)
 E - a +6 ring of dexterity (on tentacle)
 N - a +5 ring of evasion (on tentacle)
 V - a ring of flight
 Z - a ring of positive energy
Talismans
 b - a dragon-blood talisman
 u - a maw talisman
 x - a granite talisman
 T - a serpent talisman (active)
Wands
 t - a wand of quicksilver (23)
 w - a wand of flame (88)
 A - a wand of charming (25)
 O - a wand of mindburst (13)
 S - a wand of roots (17)
Scrolls
 c - 11 scrolls of identify
 e - a scroll of silence
 k - 6 scrolls of poison
 l - 4 scrolls of enchant armour
 v - 5 scrolls of teleportation
 D - 4 scrolls of revelation
 G - 2 scrolls of immolation
 H - 5 scrolls of fog
 J - a scroll of butterflies
 K - a scroll of torment
 Q - a scroll of amnesia
Potions
 a - 7 potions of lignification
 h - 2 potions of magic
 i - 5 potions of might
 j - 5 potions of cancellation
 m - 5 potions of attraction
 n - 3 potions of haste
 o - a potion of berserk rage
 p - 5 potions of curing
 q - 2 potions of ambrosia
 r - 4 potions of enlightenment
 I - a potion of resistance
Miscellaneous
 F - a phantom mirror
 L - a sack of spiders
 Y - a phial of floods


   Skills:
 + Level 14.3 Fighting
 - Level 5.7 Dodging
 - Level 8.5 Stealth
 - Level 4.0 Shields
 * Level 20.2 Unarmed Combat
 * Level 18.8 Shapeshifting


You had 17 spell levels left.
You didn't know any spells.
Your spell library contained the following spells:

 Spells                   Type           Power      Damage    Failure   Level
 Apportation              Tloc           0%         N/A       30%         1
 Magic Dart               Conj           0%         1d3       30%         1
 Necrotise                Necr           0%         1d4       30%         1
 Sandblast                Erth           0%         2d4       30%         1
 Shock                    Conj/Air       0%         1d3       30%         1
 Sting                    Conj/Alch      0%         1d3       30%         1
 Summon Small Mammal      Summ           0%         N/A       30%         1
 Cigotuvi's Dreadful Rot  Necr/Alch/Air  0%         N/A       43%         2
 Lesser Beckoning         Tloc           0%         N/A       43%         2
 Mercury Vapours          Alch/Air       0%         N/A       43%         2
 Searing Ray              Conj           0%         2d4       43%         2
 Gell's Gravitas          Tloc           0%         N/A       67%         3
 Inner Flame              Hex/Fire       0%         N/A       67%         3
 Mephitic Cloud           Conj/Alch/Air  0%         N/A       67%         3
 Swiftness                Air            0%         N/A       67%         3
 Teleport Other           Tloc           0%         N/A       67%         3
 Tukima's Dance           Hex            0%         N/A       67%         3
 Vampiric Draining        Necr           0%         2d6       67%         3
 Airstrike                Air            0%         2d(0-16)  97%         4
 Anguish                  Hex/Necr       0%         N/A       97%         4
 Cause Fear               Hex            0%         N/A       97%         4
 Dimensional Bullseye     Hex/Tloc       0%         N/A       97%         4
 Dispel Undead            Necr           0%         3d6       97%         4
 Flame Wave               Conj/Fire      0%         2d4       97%         4
 Fulminant Prism          Conj/Alch      0%         3d5       97%         4
 Iskenderun's Mystic Bla  Conj/Tloc      0%         2d3       97%         4
 Leda's Liquefaction      Alch/Erth      0%         N/A       97%         4
 Martyr's Knell           Necr/Summ      0%         N/A       97%         4
 Olgreb's Toxic Radiance  Alch           0%         N/A       97%         4
 Sticky Flame             Fire/Alch      0%         2d4       97%         4
 Summon Lightning Spire   Summ/Air       0%         N/A       97%         4
 Borgnjor's Vile Clutch   Necr/Erth      0%         N/A       100%        5
 Curse of Agony           Necr           0%         N/A       100%        5
 Freezing Cloud           Conj/Ice/Air   0%         6-21      100%        5
 Lee's Rapid Deconstruct  Erth           0%         3d4*      100%        5
 Bombard                  Conj/Erth      0%         9d1       100%        6
 Death Channel            Necr           0%         N/A       100%        6
 Enfeeble                 Hex            0%         N/A       100%        7
 Haunt                    Necr/Summ      0%         N/A       100%        7
 Chain Lightning          Conj/Air       0%         N/A       100%        9
 Dragon's Call            Summ           0%         N/A       100%        9
 Fire Storm               Conj/Fire      0%         5d1       100%        9
 Shatter                  Erth           0%         3d5*      100%        9
 Animate Armour           Summ/Erth      Unusable   N/A       N/A         4
 Animate Dead             Necr           Unusable   N/A       N/A         4

Dungeon Overview and Level Annotations

Branches:
Dungeon (15/15)            Temple (1/1) D:5            Lair (5/5) D:8
  Swamp (4/4) Lair:3       Spider (4/4) Lair:2        Slime (0/5) Lair:4
    Orc (2/2) D:9             Elf (0/3) Orc:2        Vaults (0/5) D:14
 Depths (0/4) D:15         Bailey (visited)           IceCv (visited)

Altars:
Ashenzari
Cheibriados
Dithmenos
Elyvilon
Fedhas
Gozag
Hepliaklqana
Kikubaaqudgha
Makhleb
Nemelex Xobeh
Okawaru
Qazlal
Ru
Sif Muna
Trog
Uskayaw
Vehumet
Wu Jian
Xom
Yredelemnul
Zin
The Shining One

Shops:
D:11 =*   D:13 ?[(*[   Orc:2 ([*=:*   Lair:5 =


Innate Abilities, Weirdness & Mutations

You are an enormous serpent.
You have a powerful constriction melee attack.
Your maximum health is increased.
Your armour is entirely melded.
You are incapable of wielding weapons or throwing items.
You cannot wear most types of armour.
You are amphibious.
You can wear up to eight rings at the same time.
((Your skin changes colour to match your surroundings (Stealth+).))
((Your rubbery body absorbs attacks. (AC +1, EV +1)))
((You are camouflaged when in or above water. (Stealth+)))
((You have tentacles for arms and can constrict up to eight enemies at once.))


Message History

The jumping spider pounces on you!
You are caught in a web!
The jumping spider misses you. The redback barely misses you.
The redback closely misses you. The jumping spider pounces on you!
You are even more entangled.
The jumping spider bites you. The redback bites you!
The moth of wrath bites you but does no damage.
The redback closely misses you.
The jumping spider leaps!
The entropy weaver hits you!
* * * LOW HITPOINT WARNING * * *
The entropy weaver completely misses you.
The entropy weaver barely misses you.
The entropy weaver hits you but does no damage.
The jumping spider barely misses you.
The jumping spider bites you but does no damage.
You climb upwards.
There is a stone staircase leading down, spattered with blood here.
Okay, then.
Okay, then.
Okay, then.
Okay, then.
You body-slam the moth of wrath!!
You grab the moth of wrath.
The moth of wrath is moderately wounded.
You constrict the moth of wrath. The redback completely misses you.
The redback misses you. The jumping spider misses you.
The jumping spider completely misses you.
The moth of wrath bites you.
* * * LOW HITPOINT WARNING * * *
The redback bites you!
* * * LOW HITPOINT WARNING * * *
The entropy weaver barely misses you. You block the entropy weaver's attack.
The entropy weaver hits you but does no damage.
The entropy weaver hits you!
* * * LOW HITPOINT WARNING * * *
The redback completely misses you.
You feel better.
You constrict the moth of wrath. The jumping spider misses you.
The jumping spider bites you but does no damage.
The redback bites you!!
You die...
Your body crumbles into a pile of gold.

..<##...##...##
#.^.#....#....# ####
##.^#^..##....## ###..#
##....##......########....#
####^#####.........^##....###
.###..#..#..................#
..#.......#..<..............##
...##.###..#..##sy.#^........#
...^##..#..####sSB####......##
..###....#.## ##s## ###^.#####
#.#.........# ### ##...##...#
###.........#### ###...##....#
.#....##.......###......#....#
....)##.#...#..##.^..#.##....#
.#....#.....^^.#...########..#
#.#.........##....####.......#
#.#^........#...###^.##......#


You could see an entropy weaver, a moth of wrath, a jumping spider (berserk) and
2 redbacks.

Vanquished Creatures
  Mara (Spider:3)
  Bai Suzhen (Spider:3)
  the Lernaean hydra (Swamp:4)
  Arachne (Spider:2)
  A tentacled monstrosity (Swamp:2)
  Frances (Swamp:2)
  Donald (Swamp:2)
  Roxanne (Spider:3)
  A fenstrider witch (Swamp:3)
  An emperor scorpion (Spider:4)
  Louise (Spider:3)
  2 orc warlords
  A broodmother (Spider:3)
  3 eleionomae
  2 bunyips
  A fire dragon (D:15)
  A shambling mangrove (Swamp:2)
  3 entropy weavers
  2 vault guards (D:14)
  A sphinx zombie (D:15)
  5 alligators
  21 hydras
  2 radroaches
  A jorogumo (Spider:1)
  2 ironbound frosthearts (IceCv)
  3 centaur warriors
  A two-headed ogre (D:10)
  8 death yaks
  3 boulder beetles
  A tengu warrior (D:14)
  4 orc high priests (Orc:2)
  3 demonic crawlers
  12 spriggans
  Amaemon (Lair:3)
  6 skysharks
  5 pharaoh ants
  6 goliath frogs
  A storm dragon zombie (D:15)
  Lodul (D:14)
  7 skeletal warriors
  7 spriggan druids
  A flayed ghost (D:15)
  4 orb spiders
  A sun moth (Spider:3)
  9 bog bodies
  2 steelbarb worms
  11 swamp dragons
  An arcanist (D:14)
  5 orc knights
  2 deep elf pyromancers (D:12)
  3 necromancers
  11 ugly things
  2 cyclopes
  5 orc sorcerers (Orc:2)
  13 wolf spiders
  3 will-o-the-wisps
  6 elephants (Lair:1)
  3 manticores
  2 kobold blastminers (Orc:2)
  Joseph (D:8)
  5 black mambas
  An orange demon (Lair:3)
  19 cane toads
  A moth of wrath (Spider:2)
  5 torpor snails
  3 gargoyles
  An ice statue (IceCv)
  An unseen horror (D:11)
  11 komodo dragons
  4 rime drakes
  2 freezing wraiths
  3 trolls
  Grinder (D:4)
  13 hornets
  6 tyrant leeches
  27 blink frogs
  11 tarantellas
  9 polar bears
  14 jumping spiders
  8 slime creatures (D:13)
  Sigmund (D:6)
  12 culicivoras
  A shadow (D:9)
  2 wraiths
  6 wyverns
  80 yaks
  20 humans (D:14)
  4 wargs
  4 basilisks
  2 steam dragons
  24 redbacks
  21 vampire mosquitoes
  17 swamp worms
  10 water moccasins
  2 acid dragons (D:12)
  A meliai simulacrum (D:14)
  Duvessa (D:5)
  9 swamp drakes
  2 laughing skulls (D:14)
  3 black bears
  37 orc warriors
  2 ice beasts
  10 ogres
  18 centaurs
  17 wolves (IceCv)
  2 kobold brigands
  4 phantoms
  20 bullfrogs
  A gnoll sergeant (D:8)
  4 scorpions (D:5)
  5 wights (D:6)
  Dowan (D:5)
  3 troll zombies (D:9)
  6 killer bees (D:8)
  4 howler monkeys
  2 electric eels
  25 orc priests
  A hound (D:2)
  A bombardier beetle (D:6)
  2 jellies
  7 iguanas
  Jessica (D:3)
  2 sleepcaps
  Ijyb (D:3)
  32 orc wizards
  3 ogre zombies (D:9)
  11 gnolls (D:8)
  7 adders
  A shadow imp (D:7)
  3 dart slugs
  4 ribbon worms
  108 orcs
  3 ball pythons
  6 endoplasms
  3 giant cockroaches
  15 goblins
  6 hobgoblins
  3 jackals (D:4)
  2 quokkas
  3 bats
  4 frilled lizards
  6 gnoll zombies (D:9)
  13 kobolds
  An orc skeleton (D:9)
  12 orc zombies (D:9)
  9 rats
1010 creatures vanquished.

Vanquished Creatures (others)
  A swamp worm (Swamp:1)
  2 foxfires (Swamp:1)
3 creatures vanquished.

Grand Total: 1013 creatures vanquished

Notes
Turn   | Place    | Note
-------+----------+-------------------------------------------
     0 | D:1      | Alphaeus the Octopode Shapeshifter began the quest for the
                  | Orb.
     0 | D:1      | Reached XP level 1. HP: 13/13 MP: 1/1
   180 | D:1      | Reached XP level 2. HP: 18/18 MP: 2/2
   692 | D:2      | Reached XP level 3. HP: 21/23 MP: 3/3
  1088 | D:2      | Reached XP level 4. HP: 17/28 MP: 4/4
  1893 | D:3      | Found a shimmering blue altar of Sif Muna.
  1950 | D:3      | Noticed Ijyb
  1955 | D:3      | Noticed Jessica
  1970 | D:3      | Killed Ijyb
  1971 | D:3      | Reached skill level 4 in Unarmed Combat
  2033 | D:3      | Killed Jessica
  2034 | D:3      | Reached XP level 5. HP: 14/34 MP: 5/5
  2743 | D:4      | Noticed a black bear
  2865 | D:4      | Killed a black bear
  2866 | D:4      | Reached XP level 6. HP: 26/41 MP: 6/6
  2948 | D:4      | Noticed Grinder
  2956 | D:4      | Paralysed by Grinder for 2 turns
  2961 | D:4      | Killed Grinder
  2962 | D:4      | Reached skill level 5 in Unarmed Combat
  2962 | D:4      | Reached XP level 7. HP: 25/45 MP: 7/7
  3325 | D:4      | Reached skill level 5 in Shapeshifting
  3919 | D:5      | Entered Level 5 of the Dungeon
  3940 | D:5      | Noticed Dowan
  3942 | D:5      | Noticed Duvessa
  3954 | D:5      | Killed Duvessa
  3958 | D:5      | Killed Dowan
  3978 | D:5      | Reached XP level 8. HP: 32/52 MP: 8/8
  4250 | D:5      | Reached skill level 6 in Unarmed Combat
  4533 | D:5      | Found a sacrificial altar of Ru.
  5161 | D:5      | Found a blossoming altar of Fedhas.
  5163 | D:5      | You fall into a shaft and drop 3 floors!
  5199 | D:8      | Noticed a wyvern
  5211 | D:8      | Killed a wyvern
  5529 | D:7      | Reached skill level 7 in Unarmed Combat
  5689 | D:6      | Noticed Sigmund
  5700 | D:6      | Killed Sigmund
  5701 | D:6      | Reached XP level 9. HP: 56/59 MP: 9/9
  5767 | D:6      | Reached skill level 5 in Dodging
  6084 | D:5      | Found a staircase to the Ecumenical Temple.
  6095 | Temple   | Entered the Ecumenical Temple
  6116 | Temple   | Became a worshipper of Gozag Ym Sagoz the Greedy
  6322 | D:6      | Reached skill level 5 in Fighting
  6322 | D:6      | Reached skill level 8 in Unarmed Combat
  6476 | D:6      | Found a basalt altar of Yredelemnul.
  6580 | D:6      | Found a stormy altar of Qazlal.
  6964 | D:7      | Found an ancient bone altar of Kikubaaqudgha.
  7602 | D:8      | Noticed Joseph
  7615 | D:8      | Killed Joseph
  7616 | D:8      | Reached XP level 10. HP: 43/67 MP: 10/10
  7830 | D:8      | Reached skill level 9 in Unarmed Combat
  8388 | D:8      | Reached skill level 10 in Unarmed Combat
  8626 | D:8      | Found a staircase to the Lair.
  9139 | D:8      | Found a glowing silver altar of Zin.
  9139 | D:8      | Noticed an angel
  9599 | D:9      | Found a shimmering altar of Xom.
  9731 | D:9      | Found a bloodstained altar of Trog.
  9764 | D:9      | Reached XP level 11. HP: 66/74 MP: 11/11
 10323 | D:9      | Found a staircase to the Orcish Mines.
 10346 | D:9      | Reached skill level 10 in Shapeshifting
 10745 | D:10     | Entered Level 10 of the Dungeon
 10751 | D:10     | Found a flagged portal.
 10770 | Bailey   | Entered a bailey
 10775 | Bailey   | Noticed an orc warlord
 10914 | Bailey   | Found a runed translucent gate.
 10917 | Bailey   | Found a runed translucent gate.
 10919 | Bailey   | Found a runed translucent gate.
 10981 | Bailey   | Killed an orc warlord
 10982 | Bailey   | Reached skill level 1 in Stealth
 10982 | Bailey   | Reached skill level 11 in Unarmed Combat
 11091 | Bailey   | Identified the +4 trident of Circular Logic {drain, rN+
                  | Will+ Str+3}
 11102 | Bailey   | Reached skill level 5 in Stealth
 11102 | Bailey   | Reached skill level 12 in Unarmed Combat
 11102 | Bailey   | Reached XP level 12. HP: 82/82 MP: 12/12
 11378 | D:10     | Found an ornate altar of the Wu Jian Council.
 11412 | D:10     | Found a faded altar of an unknown god.
 11412 | D:10     | Found a faded altar of an unknown god.
 11412 | D:10     | Found a hazy altar of Hepliaklqana.
 11535 | D:10     | Noticed a two-headed ogre
 11567 | D:10     | Killed a two-headed ogre
 11729 | D:10     | Found a broken altar of Ashenzari.
 12517 | D:11     | Found a frozen archway.
 12560 | IceCv    | Entered an ice cave
 12780 | IceCv    | Noticed a death yak
 12781 | IceCv    | Noticed a death yak
 12781 | IceCv    | Noticed a death yak
 12792 | IceCv    | Killed a death yak
 12799 | IceCv    | Killed a death yak
 12810 | IceCv    | Killed a death yak
 12811 | IceCv    | Reached XP level 13. HP: 29/89 MP: 13/13
 13034 | IceCv    | Reached skill level 13 in Unarmed Combat
 13809 | IceCv    | HP: 2/90 [ironbound frostheart (6)]
 14442 | IceCv    | Found the +4 skin of Zhor {*Englaciate rC+++ SInv}
 14481 | IceCv    | Identified the +0 plate armour of Liberalism {Int+3}
 15366 | D:11     | Identified the amulet of Lase {Harm Regen+}
 15451 | D:11     | Reached skill level 1 in Shields
 15718 | D:11     | Found Pymig's Jewellery Shop.
 15750 | D:11     | Bought a serpent talisman for 510 gold pieces
 15760 | D:11     | Bought the +0 mask of the Dragon {Will+ Slay+3 SInv} for
                  | 801 gold pieces
 15760 | D:11     | Found the +0 mask of the Dragon {Will+ Slay+3 SInv}
 15760 | D:11     | Bought a potion of heal wounds for 120 gold pieces
 15926 | Lair:1   | Entered Level 1 of the Lair of Beasts
 15932 | Lair:1   | Reached skill level 14 in Unarmed Combat
 16678 | Lair:2   | Reached XP level 14. HP: 98/98 MP: 14/14
 16911 | Lair:2   | Found a hole to the Spider Nest.
 16975 | Lair:2   | Reached skill level 10 in Fighting
 17748 | Lair:3   | Found a staircase to the Swamp.
 17755 | Lair:3   | Noticed Amaemon
 17764 | Lair:3   | Killed Amaemon
 17829 | Lair:3   | Reached skill level 15 in Unarmed Combat
 18108 | Lair:3   | Found a snail-covered altar of Cheibriados.
 18952 | Lair:4   | Found a staircase to the Slime Pits.
 19481 | Lair:5   | Entered Level 5 of the Lair of Beasts
 19565 | Lair:5   | Reached XP level 15. HP: 59/105 MP: 15/15
 19961 | Lair:5   | Reached skill level 16 in Unarmed Combat
 20503 | Lair:5   | Reached skill level 15 in Shapeshifting
 20778 | Lair:5   | Bought the ring of the Tortoise {AC+8} for 1920 gold pieces
 20778 | Lair:5   | Found the ring of the Tortoise {AC+8}
 20778 | Lair:5   | Bought a +5 ring of evasion for 540 gold pieces
 22192 | D:13     | Found Hotot's Magic Scroll Boutique.
 22202 | D:13     | Bought a scroll of blinking for 90 gold pieces
 22205 | D:13     | Found Abeoh's Armour Shop.
 22243 | D:13     | Found Maxui's Antique Weapon Emporium.
 22247 | D:13     | Found Woeriten's Assorted Antiques.
 22306 | D:13     | Found Wunwiur's Armour Emporium.
 22568 | D:14     | Noticed Lodul
 22595 | D:14     | Killed Lodul
 22982 | D:14     | Found a gate to the Vaults.
 22987 | D:14     | Reached skill level 17 in Unarmed Combat
 23148 | D:14     | Reached XP level 16. HP: 114/114 MP: 16/16
 23417 | D:15     | Entered Level 15 of the Dungeon
 23572 | D:15     | Found the +8 arc blade {discharge, rElec}
 23707 | D:15     | Identified the +5 chain mail of the Engineer {rElec rCorr
                  | Int+3}
 23769 | D:15     | Found a staircase to the Depths.
 24281 | Orc:1    | Entered Level 1 of the Orcish Mines
 24510 | Orc:2    | Entered Level 2 of the Orcish Mines
 24510 | Orc:2    | Found Cevesh's Book Shop.
 24510 | Orc:2    | Found a staircase to the Elven Halls.
 24734 | Orc:2    | Found Ceymem's Assorted Antiques.
 25476 | Orc:2    | Found Xicis's General Store.
 25477 | Orc:2    | Found Iriask's Jewellery Emporium.
 25483 | Orc:2    | Found Itrumaekk's Antique Armour Shoppe.
 25483 | Orc:2    | Found Fagguf's Antique Weapon Shoppe.
 25855 | Swamp:1  | Entered Level 1 of the Swamp
 25964 | Swamp:1  | Reached skill level 18 in Unarmed Combat
 26478 | Swamp:2  | Noticed a tentacled monstrosity
 26489 | Swamp:2  | Killed a tentacled monstrosity
 26663 | Swamp:2  | Noticed Frances
 26886 | Swamp:2  | Noticed Donald
 26895 | Swamp:2  | Killed Donald
 26900 | Swamp:2  | Reached XP level 17. HP: 121/121 MP: 17/17
 26941 | Swamp:2  | Killed Frances
 27744 | Swamp:4  | Entered Level 4 of the Swamp
 28063 | Swamp:4  | Reached skill level 19 in Unarmed Combat
 28256 | Swamp:4  | Noticed the 27-headed Lernaean hydra
 28278 | Swamp:4  | Killed the 27-headed Lernaean hydra
 28408 | Swamp:4  | Got a decaying rune of Zot
 28447 | Swamp:4  | Identified the +1 sling of Jegided {freeze, ^Drain rElec
                  | rC+}
 28637 | Swamp:4  | Got Sif Muna's Vellum of Combined Stones
 28814 | Spider:1 | Entered Level 1 of the Spider Nest
 29387 | Spider:1 | You fall into a shaft and drop 1 floor!
 29867 | Spider:2 | Noticed Arachne
 29885 | Spider:2 | Killed Arachne
 29892 | Spider:2 | Reached XP level 18. HP: 130/130 MP: 18/18
 30944 | Spider:3 | Noticed Louise
 30964 | Spider:3 | Killed Louise
 31056 | Spider:3 | Reached skill level 20 in Unarmed Combat
 31552 | Spider:3 | Noticed Roxanne
 31784 | Spider:3 | Killed Roxanne
 32138 | Spider:3 | Noticed Mara
 32149 | Spider:3 | Killed Mara
 32497 | Spider:4 | Entered Level 4 of the Spider Nest
 32497 | Spider:4 | Noticed Bai Suzhen
 32524 | Spider:3 | Killed Bai Suzhen
 32524 | Spider:3 | HP: 8/235 [something (4)]
 32888 | Spider:3 | HP: 6/158 [entropy weaver (11)]
 32889 | Spider:3 | Mangled by a redback

Illustrated notes

Levels and vault maps discovered:
D:1:      kilobyte_arrival_exit_the_forest, layout_rooms, reono_crystal_passage,
          serial_bayou_ford_a, hex_intersection
D:2:      layout_basic, kennysheep_generic_room_11
D:3:      layout_basic, mainiacjoe_overflow_tiny_flanked, minmay_pentangle,
          uniq_ijyb, uniq_jessica
D:4:      layout_gridville, grunt_ministairs_14, uniq_grinder
D:5:      nicolae_cairo_tiling_very_big, layout_gridville,
          fedhas_bush_and_centaur_altar, nicolae_ru_sacrificial_ziggurat,
          kennysheep_small_circle, uniq_duvessa
D:6:      layout_loops_ring, amcnicky_altar_gilded,
          nicolae_qazlal_scattered_showers, grunt_decor_mini_mirrors,
          uniq_sigmund
D:7:      layout_rooms, marbit_many_paths
D:8:      layout_basic, zin_angel, david_lair_generic, lightli_minifort,
          uniq_joseph
D:9:      layout_loops_ring, nicolae_overflow_crystal_walls, xom_butterflies,
          zombieorc1_lemuel, kennysheep_generic_room_5
D:10:     layout_gridville, evilmike_ruin_ashenzari,
          nicolae_wu_jian_wuxing_cycle, nicolae_hepliaklqana_ecumenical_no_more,
          enter_bailey_3
D:11:     layout_irregular_city, serial_shops, kennysheep_little_box,
          portal_ice_cave_entry_pillars_2
D:12:     layout_stronghold, minmay_tree_intersection, dk_noncrumbling_2
D:13:     layout_rooms, serial_shops, nicolae_shop_stone,
          nicolae_shop_advertising_works [nicolae_subvault_shop_adworks], shop,
          nicolae_shop_window_shopping, nicolae_shop_trees,
          minmay_misc_feat_doors
D:14:     layout_stronghold, grunt_vaults_entry_tiered, hangedman_decor_lopped,
          serial_bayou_pond_c, uniq_lodul
D:15:     gammafunk_depths_entry_grave, layout_irregular_city
Temple:   dpeg_chambers_temple
Lair:1:   layout_small_grid, lemuel_fruit_tree
Lair:2:   layout_loops_ring, spider_nest_entry_funnel_web
Lair:3:   layout_chaotic_city, swamp_mist, kennysheep_snail_temple,
          grunt_megastairs_1, serial_bayou_shore_b, uniq_amaemon
Lair:4:   layout_regular_city, slime_entry_1
Lair:5:   minmay_lair_end_frog_pond, layout_long_grid
Swamp:1:  layout_basic_swamp, hangedman_swamp_pad, infiniplex_staircase_pool,
          nicolae_swamp_tree_isthmus
Swamp:2:  layout_falls_marsh, evilmike_swamp_ruin_house_3, uniq_donald,
          uniq_frances
Swamp:3:  layout_basic_swamp, serial_swamp_ruin, evilmike_swamp_ruin_house_2,
          evilmike_swamp_ruin_house_6
Swamp:4:  grunt_swamp_rune_castle, layout_basic_swamp
Spider:1: layout_cave_pods
Spider:2: layout_spider_delve, uniq_arachne
Spider:3: layout_spider_delve, hangedman_spider_mandibles, uniq_roxanne,
          uniq_mara, uniq_louise
Spider:4: grunt_spider_rune_circles, uniq_bai_suzhen
Orc:1:    layout_caves, basic_altar, special_room [special_room_orc], uniq_urug
Orc:2:    st_orc_congregation, layout_caves, serial_shops,
          nicolae_shop_getting_attention, shop, nooodl_orcs_dogs

Skill      XL: |  1  2  3  4  5  6  7  8  9 10 11 12 13 14 15 16 17 18 |
---------------+-------------------------------------------------------+-----
Unarmed Combat | 4 5 7 8 10 12 14 15 17 18 19 20 | 20.2
Fighting       | 2 3 4 5 6 8 9 10 11 12 13 14 | 14.3
Shapeshifting  | 4 5 6 8 9 11 13 14 15 17 18 | 18.8
Dodging        | 3 4 5 |  5.7
Stealth        | 5 7 8 |  8.5
Shields        | 2 4 |  4.0

Action                     |  1- 3 |  4- 6 |  7- 9 | 10-12 | 13-15 | 16-18 || total
---------------------------+-------+-------+-------+-------+-------+-------++-------
  Melee: Unarmed           |    39 |    97 |   245 |   435 |   933 |  1071 ||  2820
         Constrict         |    13 |    20 |    56 |    71 |   168 |   196 ||   524
         Tentacles         |     6 |    20 |    59 |   120 |    52 |       ||   257
         Punch             |       |     3 |    12 |    13 |    17 |       ||    45
         Maw               |       |       |       |    70 |    76 |       ||   146
 Invoke: Call Merchant     |       |       |       |       |     2 |       ||     2
  Evoke: Wand              |       |       |       |       |       |     4 ||     4
         Sack of spiders   |       |       |       |       |       |     1 ||     1
    Use: Potion            |       |       |     6 |    12 |     6 |     8 ||    32
         Scroll            |       |       |     9 |     1 |    14 |     7 ||    31
   Stab: Sleeping          |     5 |     4 |     9 |     3 |    37 |    26 ||    84
         Distracted        |       |       |       |     4 |    14 |    12 ||    30
         Held in net/web   |       |       |       |       |       |     1 ||     1
 Armour: Skin              |    10 |    37 |   125 |   191 |   499 |   673 ||  1535
  Dodge: Dodged            |    10 |    50 |   165 |   325 |   732 |  1059 ||  2341
  Block: Buckler           |       |       |       |       |    12 |       ||    12
         Other             |       |       |       |       |       |    51 ||    51
   Form: Flux              |       |       |     1 |       |       |       ||     1
         Maw               |       |       |       |     1 |       |       ||     1
         Serpent           |       |       |       |       |     1 |       ||     1
